 Dungeon Crawl Stone Soup version 0.22-a0-422-g9628fc8 (webtiles) character file.

72058 Amnesiac the Eclecticist (level 15, -10/80 HPs)
             Began as a Spriggan Transmuter on May 20, 2018.
             Was a High Priest of Sif Muna.
             Mangled by a golden dragon zombie (22 damage)
             ... on level 15 of the Dungeon.
             The game lasted 01:05:16 (22230 turns).

Amnesiac the Eclecticist (Spriggan Transmuter)     Turns: 22230, Time: 01:05:17

Health: -10/80     AC:  3    Str:  6    XL:     15   Next: 0%
Magic:  0/38       EV: 29    Int: 19    God:    Sif Muna [*****.]
Gold:   1110       SH:  0    Dex: 19    Spells: 9/51 levels left

rFire    . . .     SeeInvis +     - Unarmed
rCold    + . .     Gourm    .   (shield currently unavailable)
rNeg     . . .     Faith    .   l - +1 robe {MR+}
rPois    .         Spirit   +   (helmet restricted)
rElec    .         Reflect  .   (no cloak)
rCorr    .         Harm     .   (gloves unavailable)
MR       +++..                  (boots unavailable)
Stlth    +++.......             C - amulet of guardian spirit
HPRegen  0.23/turn              g - ring of wizardry
MPRegen  0.26/turn              H - ring of protection from cold

@: blade hands, divine energy, very quick
A: very small, unfitting armour, see invisible, herbivore, speed 3, slow
metabolism 2
a: End Transformation, Stop Divine Energy, Channel Magic, Forget Spell, Renounce
Religion


You were on level 15 of the Dungeon.
You worshipped Sif Muna.
Sif Muna was extremely pleased with you.
You were not hungry.
You had blades for hands.
You visited 2 branches of the dungeon, and saw 16 of its levels.
You also visited: Bailey.

You collected 1580 gold pieces.
You spent 470 gold pieces at shops.

Inventory:

Hand Weapons
 d - a +0 blowgun
Missiles
 a - 92 arrows
 x - 7 curare-tipped needles
Armour
 l - a +1 robe of magic resistance (worn)
Magical Staves
 t - an uncursed staff of conjuration (melded)
 K - an uncursed staff of air
Jewellery
 e - an uncursed ring of fire
 g - a ring of wizardry (left scythe-like blade)
 y - an uncursed ring of magical power
 C - an amulet of guardian spirit (around neck)
 F - an uncursed ring of poison resistance
 H - a ring of protection from cold (right scythe-like blade)
Wands
 h - a wand of paralysis (15)
 j - a wand of digging (12)
 m - a wand of flame (66)
 z - a wand of random effects (18)
 E - a wand of iceblast (21)
 M - a wand of acid (10)
 N - a wand of disintegration (19)
Scrolls
 b - 7 scrolls of remove curse {!r}
 f - 2 scrolls of identify {!r}
 i - 3 scrolls of blinking {!r}
 k - 3 scrolls of amnesia {!r}
 o - 5 scrolls of magic mapping {!r}
 p - 3 scrolls of enchant weapon {!r}
 q - 3 scrolls of fog {!r}
 r - 11 scrolls of teleportation {!r}
 s - 3 scrolls of immolation {!r}
 u - a scroll of noise {!r}
 I - a scroll of fear {!r}
 L - 2 scrolls of torment {!r}
 O - a scroll of acquirement {!r}
 P - a scroll of enchant armour {!r}
 Q - 2 scrolls of brand weapon {!r}
 R - 2 scrolls of holy word {!r}
 T - a scroll of vulnerability {!r}
Potions
 c - 2 potions of heal wounds {!q}
 n - 2 potions of haste {!q}
 v - 3 potions of agility {!q}
 w - 2 potions of flight {!q}
 A - 2 potions of curing {!q}
 B - 2 potions of mutation {!q}
 D - a potion of might {!q}
 J - a potion of lignification {!q}
 S - a potion of cancellation {!q}
Miscellaneous
 U - a lightning rod (4/4)
Comestibles
 G - a ration


   Skills:
 - Level 10.2 Fighting
 - Level 12.2 Dodging
 - Level 4.0 Stealth
 - Level 3.0 Unarmed Combat
 * Level 18.6 Spellcasting
 - Level 15.0 Transmutations


You had 9 spell levels left.
You knew the following spells:

 Your Spells              Type           Power        Failure   Level  Hunger
a - Blade Hands           Tmut           ######....   3%          5    ##.....
b - Passwall              Tmut/Erth      #####.....   3%          2    None
c - Irradiate             Conj/Tmut      #####.....   12%         5    ##.....
d - Sticks to Snakes      Tmut           ######..     1%          2    None
e - Petrify               Tmut/Erth      #####...     7%          4    None
f - Spider Form           Tmut/Pois      #####.....   4%          3    None
g - Apportation           Tloc           ###...       11%         1    None
h - Dragon Form           Tmut           ######....   14%         7    ######.
i - Summon Lightning Spi  Summ/Air       ###.....     38%         4    None
s - Conjure Flame         Conj/Fire      ###.....     19%         3    None
w - Yara's Violent Unrav  Hex/Tmut       #####.....   12%         5    ##.....
z - Confusing Touch       Hex            ###...       11%         1    None

Your spell library contained the following spells:

 Spells                   Type           Power        Failure   Level  Hunger
 Cause Fear               Hex            ###.......   38%         4    None
 Lightning Bolt           Conj/Air       ###.......   65%         5    ##.....
 Bolt of Magma            Conj/Fire/Erth ###.......   65%         5    ##.....
 Slow                     Hex            ###.....     13%         2    None
 Ring of Flames           Chrm/Fire      ###.......   100%        7    ######.
 Summon Small Mammal      Summ           ###.         11%         1    None
 Animate Skeleton         Necr           N/A          11%         1    None
 Iron Shot                Conj/Erth      ###.......   98%         6    ####...
 Shock                    Conj/Air       ###.         11%         1    None
 Swiftness                Chrm/Air       ###.....     13%         2    None
 Statue Form              Tmut/Erth      #####....    32%         6    ####...
 Ice Form                 Ice/Tmut       #####...     7%          4    None
 Necromutation            Tmut/Necr      #####.....   99%         8    #######
 Airstrike                Air            ###.......   38%         4    None
 Ignite Poison            Fire/Tmut/Pois #####...     6%          3    None
 Shatter                  Erth           ###.......   100%        9    #######
 Static Discharge         Conj/Air       ###.....     19%         3    None
 Corona                   Hex            ###....      11%         1    None
 Portal Projectile        Hex/Tloc       ###...       19%         3    None
 Leda's Liquefaction      Hex/Erth       ###.......   38%         4    None
 Shroud of Golubria       Chrm/Tloc      ###.......   13%         2    None
 Inner Flame              Hex/Fire       ###.....     19%         3    None
 Beastly Appendage        Tmut           ######       1%          1    None
 Force Lance              Conj/Tloc      ###.....     38%         4    None
 Summon Forest            Summ/Tloc      ###.......   65%         5    ##.....
 Hydra Form               Tmut           ######....   6%          6    ####...
 Poisonous Vapours        Pois/Air       ###...       13%         2    None


Dungeon Overview and Level Annotations

Branches:
Dungeon (15/15)            Temple (1/1) D:4            Lair (0/6) D:11
    Orc (0/2) D:12         Vaults (0/5) D:13         Depths (0/5) D:15

Altars:
Ashenzari
Cheibriados
Dithmenos
Elyvilon
Fedhas
Gozag
Hepliaklqana
Kikubaaqudgha
Makhleb
Nemelex Xobeh
Okawaru
Qazlal
Ru
Sif Muna
Trog
Uskayaw
Vehumet
Wu Jian
Xom
Yredelemnul
Zin
The Shining One

Shops:
D:7 :?   D:9 (   D:15 %*(


Innate Abilities, Weirdness & Mutations

You are very small and have problems with some larger weapons.
You are too small for most types of armour.
You have supernaturally acute eyesight. (SInv)
You are a herbivore.
You cover ground extremely quickly.
You need to consume almost no food.


Message History

The deep elf mage hits you but does no damage.
You slice the deep elf mage!!
The deep elf mage is almost dead.
The deep elf mage misses you.
You barely miss the deep elf mage.
The deep elf mage is almost dead.
You slash the deep elf mage!
You kill the deep elf mage!
Sif Muna accepts your kill.
You have reached level 15!
Your experience leads to an increase in your attributes!
Increase (S)trength, (I)ntelligence, or (D)exterity?
You feel clever.
You feel agile.
Casting: Blade Hands (safe; 3% risk of failure)
Confirm with . or Enter, or press ? or * to list all spells.
Okay, then.
There is an open door, spattered with blood here.
The golden dragon zombie is too close now for your liking.
A golden dragon zombie is nearby!
A golden dragon zombie is nearby!
You hit the golden dragon zombie.
The golden dragon zombie is lightly damaged.
The golden dragon zombie completely misses you.
The golden dragon zombie closely misses you.
The golden dragon zombie completely misses you.
You slash the golden dragon zombie!
The golden dragon zombie is lightly damaged.
The golden dragon zombie bites you!! The golden dragon zombie claws you!
The golden dragon zombie tramples you!
You hit the golden dragon zombie.
The golden dragon zombie is lightly damaged.
The golden dragon zombie completely misses you.
The golden dragon zombie claws you!
* * * LOW HITPOINT WARNING * * *
The golden dragon zombie tramples you.
* * * LOW HITPOINT WARNING * * *
You slice the golden dragon zombie!!
The golden dragon zombie is moderately damaged.
There is an open door here.
Casting: Blade Hands (safe; 3% risk of failure)
Confirm with . or Enter, or press ? or * to list all spells.
Aiming: Conjure Flame (safe; 19% risk of failure)
Press: ? - help, Dir - move target cursor The fire ignites!
Casting: Conjure Flame (safe; 19% risk of failure)
Confirm with . or Enter, or press ? or * to list all spells.
Aiming: Conjure Flame (safe; 19% risk of failure)
Press: ? - help, Dir - move target cursor The fire ignites!
The golden dragon zombie is engulfed in blazing flames.
You hit the golden dragon zombie but do no damage.
The golden dragon zombie is heavily damaged.
You slice the golden dragon zombie!!
The golden dragon zombie is severely damaged.
The golden dragon zombie is engulfed in blazing flames.
The golden dragon zombie bites you!!
* * * LOW HITPOINT WARNING * * *
The golden dragon zombie misses you. The golden dragon zombie tramples you.
* * * LOW HITPOINT WARNING * * *
You slash the golden dragon zombie!
The golden dragon zombie is severely damaged.
The golden dragon zombie is engulfed in blazing flames.
The golden dragon zombie bites you!!
You die...

...(.P[..........................
8.>.............#########........
88.8...z........#.......#....##'#
8.8..8..........#.......#....#...
................#.......#....#...
...8..P.........#.......#....#...
........<.....§.'.......#....#...
P..P..........#Z#.......#....#...
..............#.@.......#....####
.....########.#.........#........
.....# #.#######...#........
.....# #.......#...#...#####
.....# #.......#.......#....
.....# #.......#.#.∩.#.#....
.....### #.......###.....#....
.......## ..............#...#....
'###....##..................#####


You could see a golden dragon zombie.

Vanquished Creatures
  Nessos (D:13)
  Azrael (D:12)
  A fire dragon (D:14)
  A hydra (D:12)
  A centaur warrior (D:11)
  A catoblepas (D:15)
  An ogre mage (D:13)
  4 two-headed ogres
  Sonja (D:12)
  6 skeletal warriors
  4 unseen horrors
  A flayed ghost (D:15)
  A wizard (D:14)
  3 deep elf magi
  2 orc knights (D:13)
  A necromancer (D:15)
  2 cyclopes
  A stone giant zombie (D:15)
  4 ugly things
  A manticore (D:11)
  Joseph (D:8)
  2 gargoyles
  Psyche (D:12)
  3 yaktaurs (D:13)
  3 trolls
  5 slime creatures (D:12)
  Prince Ribbit (D:8)
  7 hippogriffs
  Sigmund (D:2)
  An ettin skeleton (D:15)
  2 wraiths
  A tarantella (shapeshifter) (D:15)
  2 wyverns
  A shadow (D:11)
  2 basilisks (D:14)
  2 fire elementals (D:12)
  13 yaks (D:11)
  3 hungry ghosts
  A steam dragon (D:10)
  4 vampire mosquitoes (D:15)
  Menkaure (D:6)
  3 water moccasins
  2 hell hounds (D:12)
  4 black bears
  4 ice beasts
  10 orc warriors
  3 eyes of draining
  2 necrophages (D:11)
  4 sky beasts
  18 ogres
  2 phantoms
  A boggart (D:13)
  3 centaurs
  5 big kobolds
  17 bullfrogs
  2 wyvern skeletons (D:14)
  5 scorpions
  7 killer bees
  A wight (D:11)
  6 electric eels (D:7)
  5 howler monkeys
  19 crimson imps
  4 bullfrog zombies
  5 hounds
  4 centaur zombies
  2 jellies
  7 orc priests
  8 centaur skeletons
  6 orc wizards
  Jessica (D:3)
  5 bullfrog skeletons
  A gnoll shaman (D:6)
  5 iguanas
  14 worker ants
  2 hound zombies
  A worker ant zombie (D:10)
  Robin (D:1)
  13 adders
  8 gnolls
  5 shadow imps
  2 white imps (D:14)
  4 adder skeletons
  3 worms
  2 dart slugs
  6 leopard geckos
  53 orcs
  5 giant cockroaches
  27 goblins
  6 hobgoblins
  5 jackals
  4 quokkas
  4 bats
  6 frilled lizards
  2 jackal skeletons
  28 kobolds
  A leopard gecko skeleton (D:6)
  2 rats (D:2)
  A fungus (D:14)
  A plant (D:11)
472 creatures vanquished.

Vanquished Creatures (collateral kills)
  Rupert (D:15)
  Erica (D:11)
  3 two-headed ogres
  A cyclops (D:13)
  An ugly thing (D:11)
  The ghost of Gorglomux the Shield-Bearer, a novice DDFi (D:8)
  A komodo dragon (D:11)
  A hornet (D:10)
  A queen bee (D:9)
  A yak (D:11)
  A steam dragon (D:11)
  2 ogres
  2 orc warriors (Bailey)
  2 centaurs
  12 killer bees (D:9)
  A bullfrog zombie (D:11)
  A centaur zombie (D:8)
  A hound (D:11)
  3 gnolls
  An adder (D:2)
  A worm (D:2)
  An orc (D:9)
  2 goblins
  3 hobgoblins (Bailey)
  A bat (D:2)
  9 kobolds (Bailey)
  A rat (D:2)
56 creatures vanquished.

Vanquished Creatures (others)
  6 fungi (D:14)
  A plant (D:11)
  6 withered plants (D:15)
13 creatures vanquished.

Grand Total: 541 creatures vanquished

Notes
Turn   | Place    | Note
-------+----------+-------------------------------------------
     0 | D:1      | Amnesiac the Spriggan Transmuter began the quest for the Orb.
     0 | D:1      | Reached XP level 1. HP: 9/9 MP: 5/5
   126 | D:1      | Reached skill level 1 in Fighting
   356 | D:1      | Reached XP level 2. HP: 14/14 MP: 4/6
   363 | D:1      | Learned a level 2 spell: Sticks to Snakes
   476 | D:1      | Found a sparkling altar of Nemelex Xobeh.
   809 | D:2      | Noticed Sigmund
   923 | D:2      | Noticed a centaur
  1128 | D:2      | Reached XP level 3. HP: 4/18 MP: 1/8
  1171 | D:2      | Learned a level 3 spell: Spider Form
  2139 | D:3      | Noticed a scorpion
  2242 | D:2      | Reached XP level 4. HP: 10/23 MP: 5/9
  2440 | D:2      | Killed Sigmund
  2440 | D:2      | Reached XP level 5. HP: 5/30 MP: 7/10
  2603 | D:2      | Noticed Robin
  2677 | D:1      | Killed Robin
  2863 | D:1      | Reached XP level 6. HP: 12/34 MP: 6/11
  3247 | D:2      | Reached skill level 5 in Fighting
  3534 | D:3      | Noticed Jessica
  3543 | D:3      | Killed Jessica
  4069 | D:4      | Reached XP level 7. HP: 21/39 MP: 8/12
  5333 | D:4      | Reached XP level 8. HP: 39/46 MP: 10/13
  5760 | D:4      | Found a staircase to the Ecumenical Temple.
  5780 | Temple   | Entered the Ecumenical Temple
  5827 | Temple   | Became a worshipper of Sif Muna the Loreminder
  5949 | D:4      | Reached skill level 3 in Spellcasting
  6156 | D:5      | Entered Level 5 of the Dungeon
  6234 | D:5      | Got a warped dagger
  6303 | D:5      | Identified the +5 dagger of the Sage {pierce, SInv} (You found it on level 5 of the Dungeon)
  6352 | D:5      | Reached skill level 4 in Spellcasting
  7199 | D:6      | Reached skill level 5 in Transmutations
  7295 | D:6      | Reached skill level 5 in Spellcasting
  7529 | D:6      | Reached * piety under Sif Muna
  7651 | D:6      | Noticed Menkaure
  7685 | D:6      | Killed Menkaure
  7725 | D:6      | Reached skill level 6 in Spellcasting
  7725 | D:6      | Reached XP level 9. HP: 41/51 MP: 19/19
  8263 | D:6      | Learned a level 5 spell: Blade Hands
  8613 | D:6      | Reached skill level 7 in Spellcasting
  8631 | D:6      | Reached ** piety under Sif Muna
  8768 | D:7      | Found Yruceff's Book Emporium.
  8828 | D:7      | Found Nujefux's Magic Scroll Shoppe.
  8835 | D:7      | Bought a scroll of blinking for 112 gold pieces
  8835 | D:7      | Bought a scroll of identify for 30 gold pieces
  8835 | D:7      | Bought a scroll of remove curse for 45 gold pieces
  8835 | D:7      | Bought a scroll of magic mapping for 52 gold pieces
  9240 | D:7      | Reached skill level 8 in Spellcasting
  9404 | D:7      | Reached skill level 5 in Dodging
  9516 | D:8      | Noticed a two-headed ogre
  9521 | D:8      | Noticed Gorglomux's ghost (novice DDFi)
  9562 | D:7      | Killed a two-headed ogre
 10033 | D:7      | Reached skill level 9 in Spellcasting
 10033 | D:7      | Reached XP level 10. HP: 33/56 MP: 17/24
 10181 | D:8      | Noticed Prince Ribbit
 10191 | D:8      | Killed Prince Ribbit
 10191 | D:8      | Reached skill level 10 in Transmutations
 10196 | D:8      | Reached *** piety under Sif Muna
 10211 | D:8      | Killed Gorglomux's ghost
 10523 | D:8      | Noticed a two-headed ogre
 10536 | D:8      | Killed a two-headed ogre
 10727 | D:8      | Noticed Joseph
 10741 | D:8      | Killed Joseph
 10741 | D:8      | Reached skill level 10 in Spellcasting
 10746 | D:8      | Found a shattered altar of Ashenzari.
 10785 | D:9      | Found Awikh's Weapon Boutique.
 11239 | D:9      | Reached **** piety under Sif Muna
 11423 | D:9      | Reached skill level 11 in Spellcasting
 11701 | D:10     | Entered Level 10 of the Dungeon
 11804 | D:10     | Found a glowing silver altar of Zin.
 11869 | D:10     | Noticed a two-headed ogre
 11883 | D:10     | Killed a two-headed ogre
 11900 | D:10     | Found a flagged portal.
 11913 | Bailey   | Entered a bailey
 12076 | Bailey   | Reached XP level 11. HP: 33/60 MP: 4/27
 12091 | Bailey   | Reached ***** piety under Sif Muna
 12118 | Bailey   | Identified Sif Muna's Papyrus of Unstable Ignition (Sif Muna gifted it to you in a bailey)
 12118 | Bailey   | Received a gift from Sif Muna
 12129 | Bailey   | Learned a level 5 spell: Irradiate
 12134 | Bailey   | Learned a level 3 spell: Conjure Flame
 12880 | D:11     | Noticed an unseen horror
 12894 | D:11     | Killed an unseen horror
 12894 | D:11     | Reached skill level 12 in Spellcasting
 12974 | D:11     | Found a runed door.
 12980 | D:11     | Found a staircase to the Lair.
 13331 | D:12     | Noticed an unseen horror
 13333 | D:11     | HP: 2/60 [ogre/giant spiked club (12)]
 13546 | D:11     | Noticed Erica
 13568 | D:11     | Killed Erica
 13957 | D:11     | Noticed a white ugly thing
 13974 | D:11     | Reached skill level 13 in Spellcasting
 13989 | D:11     | Killed a white ugly thing
 14040 | D:11     | Noticed a deep elf mage
 14055 | D:11     | Killed a deep elf mage
 14142 | D:11     | Identified a scroll of acquirement {!r}
 14183 | D:11     | Got a polished trident
 14353 | D:11     | Found a runed door.
 14574 | D:11     | Identified Viweor's Handbook of Toxins and Transmutation (Sif Muna gifted it to you on level 11 of the Dungeon)
 14574 | D:11     | Received a gift from Sif Muna
 14591 | D:11     | Learned a level 2 spell: Passwall
 14596 | D:11     | Learned a level 4 spell: Petrify
 14602 | D:11     | Learned a level 5 spell: Yara's Violent Unravelling
 14604 | D:11     | Learned a level 1 spell: Apportation
 14606 | D:11     | Learned a level 1 spell: Confusing Touch
 14700 | D:11     | Noticed a centaur warrior
 14717 | D:11     | HP: 1/60 [centaur warrior (5)]
 14719 | D:11     | Killed a centaur warrior
 14971 | D:11     | Identified the +5 trident of Anguish {drain, Stlth+} (You found it on level 11 of the Dungeon)
 15006 | D:11     | Reached XP level 12. HP: 54/64 MP: 30/30
 15394 | D:12     | Noticed Azrael
 15838 | D:13     | Reached skill level 10 in Dodging
 16415 | D:13     | Noticed Nessos
 16453 | D:13     | Killed Nessos
 16913 | D:13     | Noticed an ogre mage
 17454 | D:12     | Noticed Sonja
 17457 | D:12     | Killed Sonja
 17486 | D:12     | Noticed a two-headed ogre
 17494 | D:12     | Noticed Psyche
 17499 | D:12     | Killed a two-headed ogre
 17505 | D:12     | Killed Psyche
 17757 | D:12     | Found a staircase to the Orcish Mines.
 17793 | D:12     | Noticed a five-headed hydra
 17800 | D:12     | Killed a five-headed hydra
 18213 | D:12     | Reached skill level 10 in Fighting
 18308 | D:12     | Killed Azrael
 18308 | D:12     | Reached XP level 13. HP: 33/72 MP: 1/31
 19066 | D:13     | Found a gate to the Vaults.
 19120 | D:13     | Reached skill level 14 in Spellcasting
 19363 | D:13     | Reached skill level 15 in Transmutations
 19571 | D:14     | Received a gift from Sif Muna
 19756 | D:13     | Learned a level 7 spell: Dragon Form
 19849 | D:14     | Reached skill level 15 in Spellcasting
 20263 | D:15     | Entered Level 15 of the Dungeon
 20269 | D:15     | Found Motroug's Food Emporium.
 20357 | D:15     | Noticed Rupert
 20471 | D:15     | Killed Rupert
 20471 | D:15     | Reached skill level 16 in Spellcasting
 20493 | D:15     | Found Lellall's Weapon Shop.
 20517 | D:15     | Noticed a fire dragon
 20530 | D:15     | Found a staircase to the Depths.
 20536 | D:14     | Killed a fire dragon
 20631 | D:15     | Bought a ration for 50 gold pieces
 20631 | D:15     | Bought a ration for 50 gold pieces
 20631 | D:15     | Bought a ration for 50 gold pieces
 20955 | D:15     | Found Hiaty's Assorted Antiques.
 20991 | D:15     | Bought a scroll labeled FACUNA ZELOI for 28 gold pieces
 20991 | D:15     | Bought a scroll labeled FACUNA ZELOI for 28 gold pieces
 20991 | D:15     | Bought an emerald potion for 25 gold pieces
 20995 | D:15     | Identified Yferinea's Papyrus of the Compass and Weightlessness (Sif Muna gifted it to you on level 15 of the Dungeon)
 20995 | D:15     | Received a gift from Sif Muna
 20995 | D:15     | Reached skill level 17 in Spellcasting
 20995 | D:15     | Reached XP level 14. HP: 72/77 MP: 29/36
 21002 | D:15     | Learned a level 4 spell: Summon Lightning Spire
 21062 | D:15     | Reached skill level 18 in Spellcasting
 22193 | D:15     | Reached XP level 15. HP: 68/80 MP: 33/38
 22230 | D:15     | Mangled by a golden dragon zombie

Vault maps used:
D:1:      noname_arrival_rooms_in_the_neighbourhood, serial_forest,
          infiniplex_forest_clump_cross, infiniplex_forest_end_2,
          infiniplex_forest_clump_small, infiniplex_forest_zigzag_1,
          infiniplex_forest_clump_diagonal, infiniplex_forest_straight_4,
          infiniplex_forest_clump_double, nemelex_diamond_rough_becter
D:2:      first_ration, uniq_robin, uniq_sigmund
D:3:      uniq_jessica
D:4:      cheibrodos_barr_body, minmay_temple_entry_hall, grunt_decor_fettered
D:6:      serial_glass, glass_columns_c, glass_columns_b, st_stairs_14,
          uniq_menkaure
D:7:      cheibrodos_two_vegetables, serial_shops, nicolae_shop_stone,
          nicolae_shop_crystal
D:8:      lemuel_coloured_pillars_altar, dk_noncrumbling_4, uniq_joseph,
          uniq_prince_ribbit1
D:9:      serial_shops, shop, david_nohive_1
D:10:     lightli_bailey_entry_fortress, basic_altar
D:11:     cheibrodos_histonic, david_lair_shrubbed, uniq_erica
D:12:     david_orc_2, uniq_psyche, uniq_azrael, uniq_sonja
D:13:     hangedman_vaults_entry_quadrant_bands, lightli_minifort, uniq_nessos
D:14:     minmay_misc_feat_secret_circle, minmay_holes,
          minmay_gold_behind_fungi, minmay_nine_imps
D:15:     gammafunk_depths_entry_grave, nrook_mini_backslash, serial_shops,
          nicolae_shop_stone, shop, shop, enter_trove_1, glass_columns_a,
          uniq_rupert
Temple:   kilobyte_greek_temple
Bailey:   bailey_axe_1, bailey

Skill      XL: |  1  2  3  4  5  6  7  8  9 10 11 12 13 14 |
---------------+-------------------------------------------+-----
Fighting       | 1 2 4 5 7 8 10 | 10.2
Transmutations | 3 6 9 12 14 15 | 15.0
Dodging        | 4 5 7 12 | 12.2
Spellcasting   | 6 9 11 13 17 18 | 18.6
Unarmed Combat | 3 |  3.0
Stealth        | 4 |  4.0

Action                   |  1- 3 |  4- 6 |  7- 9 | 10-12 | 13-15 || total
-------------------------+-------+-------+-------+-------+-------++-------
Melee: Unarmed           |   105 |   113 |   421 |   682 |   370 ||  1691
       Headbutt          |     4 |       |       |       |       ||     4
       Kick              |     3 |     1 |       |       |       ||     4
       Punch             |     1 |       |     3 |     4 |     8 ||    16
       Dagger            |       |       |    54 |     1 |       ||    55
       Staff             |       |       |       |    13 |    13 ||    26
       Bite              |       |       |       |       |    13 ||    13
       Tailslap          |       |       |       |       |    11 ||    11
 Cast: Beastly Appendage |    11 |     2 |       |       |       ||    13
       Sticks to Snakes  |     4 |     2 |    22 |    62 |     5 ||    95
       Spider Form       |     9 |    15 |    31 |     1 |       ||    56
       Blade Hands       |       |       |    15 |    63 |    20 ||    98
       Irradiate         |       |       |       |    13 |     8 ||    21
       Petrify           |       |       |       |     9 |    11 ||    20
       Conjure Flame     |       |       |       |     5 |     3 ||     8
       Yara's Violent Un |       |       |       |     3 |     6 ||     9
       Confusing Touch   |       |       |       |     1 |       ||     1
       Dragon Form       |       |       |       |       |     6 ||     6
       Passwall          |       |       |       |       |     1 ||     1
Invok: Divine Energy     |       |       |     1 |       |       ||     1
 Abil: End Transformatio |     1 |       |       |     2 |     1 ||     4
       Breathe Fire      |       |       |       |       |     1 ||     1
Evoke: Wand              |       |       |     9 |     1 |       ||    10
  Use: Potion            |     1 |     1 |       |     5 |     1 ||     8
       Scroll            |       |     2 |       |    17 |     4 ||    23
 Stab: Sleeping          |       |       |     5 |     4 |       ||     9
       Distracted        |       |       |     2 |     3 |       ||     5
       Petrified         |       |       |       |     9 |    16 ||    25
       Confused          |       |       |       |     1 |       ||     1
       Petrifying        |       |       |       |       |     1 ||     1
  Eat: Ration            |     1 |     2 |     7 |    14 |     6 ||    30
Armor: Robe              |    12 |     3 |    19 |    44 |    11 ||    89
       Skin              |     2 |     1 |     9 |       |    31 ||    43
Dodge: Dodged            |    81 |   131 |   414 |   778 |   345 ||  1749

Table legend:
 A = Spawn XP
 B = Non-spawn XP
 C = Spawn XP percentage of total XP
 D = Spawn monster count
 E = Non-spawn monster count
 F = Spawn count percentage of total count
 G = Total turns spent on level
                    A         B        C        D         E        F      G
               +---------+---------+-------+---------+---------+-------+---------
         Total |       0 |   66842 |   0.0 |       0 |     526 |   0.0 | 22230
               +---------+---------+-------+---------+---------+-------+---------
           D:1 |       0 |      55 |   0.0 |       0 |      26 |   0.0 |  1822
           D:2 |       0 |     522 |   0.0 |       0 |      34 |   0.0 |  1402
           D:3 |       0 |     136 |   0.0 |       0 |      12 |   0.0 |   860
           D:4 |       0 |    1076 |   0.0 |       0 |      40 |   0.0 |  1987
           D:5 |       0 |     330 |   0.0 |       0 |      13 |   0.0 |  1175
           D:6 |       0 |    1368 |   0.0 |       0 |      36 |   0.0 |  1374
           D:7 |       0 |    1892 |   0.0 |       0 |      22 |   0.0 |  1287
           D:8 |       0 |    2253 |   0.0 |       0 |      13 |   0.0 |   793
           D:9 |       0 |    1835 |   0.0 |       0 |      30 |   0.0 |   916
          D:10 |       0 |    2137 |   0.0 |       0 |      35 |   0.0 |   764
          D:11 |       0 |   10936 |   0.0 |       0 |      67 |   0.0 |  2416
          D:12 |       0 |   10205 |   0.0 |       0 |      45 |   0.0 |  2058
          D:13 |       0 |    9695 |   0.0 |       0 |      39 |   0.0 |  2133
          D:14 |       0 |   10721 |   0.0 |       0 |      48 |   0.0 |  1093
          D:15 |       0 |   13186 |   0.0 |       0 |      34 |   0.0 |  1650
        Bailey |       0 |     495 |   0.0 |       0 |      32 |   0.0 |   415
               +---------+---------+-------+---------+---------+-------+---------
